cohdb
Replays
Latest Replays
All Replays
Popular Replays
Top Player Replays
Match Explorer
How It Works
Community
CoH3 Stats
Reddit
Sign in to upload your games and track your stats! →
Sign in with Steam
Maphack - chinese 大连风峣+8615842404475
Match 47255802
Overview
Messages
Build Orders
End
Construct Section Command Post
Vickers Machine Gun Team
Selects Air and Sea Battlegroup
Infantry Section
Infantry Section
ML 3-inch Mortar Team
Construct Platoon Command Post
Selects Supply Surplus
Construct Field Infirmary
Humber Armored Car
Construct Resource Cache
Construct Resource Cache
Forward Retreat Point
Selects Commando Section Paradrop
6-pounder Anti-tank Gun Team
Construct Company Command Post
Construct Field Infirmary
Unlock M3 Grant Medium Tanks
Selects Commando Support Section Paradrop
Commando Section Paradrop
M3 Grant Medium Tank
Construct Resource Cache
Selects Incendiary Bombing Run
M3 Grant Medium Tank
Royal Engineer Section
Incendiary Bombing Run
Construct Field Infirmary
Sponge Bob
bl4ckjack
CalmSassarShow
rune41
MOJO
INTEL
makke
JT
0
0
Comments
sign in to comment!
No comments posted yet!